 Dungeon Crawl Stone Soup version 0.23-a0-242-g2b5ca64 (webtiles) character file.

15 Amnesiac the Insei (level 2, 0/23 HPs)
             Began as a Demigod Transmuter on Sept 28, 2018.
             Succumbed to a goblin's poison
             ... on level 1 of the Dungeon.
             The game lasted 00:01:01 (376 turns).

Amnesiac the Insei (Demigod Transmuter)              Turns: 376, Time: 00:01:02

Health: 0/23       AC:  2    Str: 13    XL:     2   Next: 21%
Magic:  7/7        EV: 13    Int: 22    God:
Gold:   36         SH:  0    Dex: 16    Spells: 1/4 levels left

rFire    . . .     SeeInvis .     - Unarmed
rCold    . . .     Gourm    .   (no shield)
rNeg     . . .     Faith    .   b - +0 robe
rPois    .         Spirit   .   (no helmet)
rElec    .         Reflect  .   (no cloak)
rCorr    .         Harm     .   (no gloves)
MR       .....                  (no boots)
Stlth    +.........             (no amulet)
HPRegen  0.07/turn              (no ring)
MPRegen  0.10/turn              (no ring)

@: brilliant, lethally poisoned (0 -> -15), very slightly contaminated, hasted,
very quick
A: high mp 1
a: no special abilities


You were on level 1 of the Dungeon.
You were not hungry.

You visited 1 branch of the dungeon, and saw 1 of its levels.

You collected 36 gold pieces.

Inventory:

Missiles
 a - 35 arrows
Armour
 b - a +0 robe (worn)
 i - a +0 ring mail
Scrolls
 c - 2 scrolls of fear {!r, unknown}
 f - a scroll of identify {!r, unknown}
 h - a scroll of remove curse {!r, unknown}
Potions
 j - a potion of magic {!q}
Comestibles
 d - 2 rations


   Skills:
 - Level 1.0 Fighting
 - Level 2.0 Dodging
 + Level 2.8 Unarmed Combat
 + Level 1.9 Spellcasting
 * Level 2.2 Transmutations


You had one spell level left.
You knew the following spells:

 Your Spells              Type           Power        Failure   Level  Hunger
a - Beastly Appendage     Tmut           ####..       1%          1    #......
b - Sticks to Snakes      Tmut           ####....     1%          2    ##.....

Your spell library contained the following spells:

 Spells                   Type           Power        Failure   Level  Hunger
 Spider Form              Tmut/Pois      ###.......   3%          3    ###....
 Ice Form                 Ice/Tmut       ###.....     10%         4    #####..
 Blade Hands              Tmut           ####......   16%         5    ######.


Dungeon Overview and Level Annotations

Branches:
Dungeon (1/15)


Innate Abilities, Weirdness & Mutations

You have an increased reservoir of magic. (+10% MP)


Message History

You start resting.
Your transformation is almost over.
Memorise Sticks to Snakes, consuming 2 spell levels and leaving 1?
Magic restored.
You start memorising the spell.
You continue memorising. x2
You finish memorising.
Spell assigned to 'b'.
You start resting.
All of the chunks of flesh in your inventory have rotted away.
Your horns disappear.
You start resting.
A goblin comes into view. It is wielding a dagger of venom.
A goblin is nearby!
Casting: Beastly Appendage (safe; 8% risk of failure)
Confirm with . or Enter, or press ? or * to list all spells.
You miscast Beastly Appendage.
You are very lightly contaminated with residual magic.
Multicoloured lights dance before your eyes!
The goblin shouts!
The goblin throws a stone.
The stone barely misses you.
The goblin throws a stone.
The stone barely misses you.
The goblin throws a stone.
The stone barely misses you.
The goblin throws a stone.
The stone barely misses you.
You see here a ration.
The goblin hits you with a dagger of venom.
* * * LOW HITPOINT WARNING * * *
You are lethally poisoned!
You see here a bat corpse.
You closely miss the goblin.
* * * LOW HITPOINT WARNING * * *
You feel sick. The goblin hits you but does no damage.
You are more poisoned.
You are too injured to fight recklessly!
You are too injured to fight recklessly!
You are too injured to fight recklessly!
You are too injured to fight recklessly!
You are too injured to fight recklessly!
You are too injured to fight recklessly!
You are too injured to fight recklessly!
You are too injured to fight recklessly!
You are too injured to fight recklessly!
You are too injured to fight recklessly!
You are too injured to fight recklessly!
You are too injured to fight recklessly!
You are too injured to fight recklessly!
You are too injured to fight recklessly!
You are too injured to fight recklessly!
You are too injured to fight recklessly!
You hit the goblin.
You kill the goblin!
* * * LOW HITPOINT WARNING * * *
You feel sick.
Really quaff
j - 2 grey potions {!q}?
It was a potion of magic {!q}.
Magic courses through your body.
* * * LOW HITPOINT WARNING * * *
You feel sick.
Really quaff
e - a glowing cyan potion {!q}?
It was a potion of brilliance {!q}.
You feel clever all of a sudden.
* * * LOW HITPOINT WARNING * * *
You feel sick.
Okay, then.
Really quaff
k - a blue potion {!q}?
It was a potion of haste {!q}.
You feel yourself speed up.
You die...

#... #..# #..##
.... #. #..# .
#..######.####
#)........>.. #@#
#####.#######
#%####............
#.............# #
#......###.##.# #
#.###### #.##.####
#(# #.##.##.# #(#
#.##.#.#. #.#
#.##..### #.#
#.##.## #


There were no monsters in sight!

Vanquished Creatures
  A dart slug (D:1)
  2 goblins (D:1)
  4 hobgoblins (D:1)
  A ball python (D:1)
  A bat (D:1)
  A kobold (D:1)
  4 rats (D:1)
14 creatures vanquished.

Notes
Turn   | Place    | Note
-------+----------+-------------------------------------------
     0 | D:1      | Amnesiac the Demigod Transmuter began the quest for the
                  | Orb.
     0 | D:1      | Reached XP level 1. HP: 15/15 MP: 5/5
   104 | D:1      | Reached skill level 1 in Fighting
   317 | D:1      | Reached XP level 2. HP: 18/23 MP: 5/7
   345 | D:1      | Learned a level 2 spell: Sticks to Snakes
   375 | D:1      | HP: 1/23 [poisoned by a goblin]
   376 | D:1      | Succumbed to a goblin's poison

Vault maps used:
D:1:      dpeg_arrival_short_road

Skill      XL: |  1  2 |
---------------+-------+-----
Fighting       | 1 |  1.0
Transmutations | 2 |  2.2
Dodging        | 2 |  2.0
Unarmed Combat | |  2.8
Spellcasting   | |  1.9

Action                   || total
-------------------------++-------
Melee: Unarmed           ||    49
       Kick              ||     4
       Headbutt          ||     3
       Punch             ||     1
 Cast: Beastly Appendage ||    10
  Use: Potion            ||     3
Armor: Robe              ||     6
Dodge: Dodged            ||    31

Table legend:
 A = Non-vault XP
 B = Vault XP
 C = Vault XP percentage of total XP
 D = Non-vault monster count
 E = Vault monster count
 F = Vault count percentage of total count
                 A         B        C        D         E       F
            +---------+---------+-------+---------+---------+-------
      Total |      22 |       0 |   0.0 |      14 |       0 |   0.0
            +---------+---------+-------+---------+---------+-------
        D:1 |      22 |       0 |   0.0 |      14 |       0 |   0.0
            +---------+---------+-------+---------+---------+-------
